cohdb
Replays
Latest Replays
All Replays
Popular Replays
Top Player Replays
Match Explorer
How It Works
Community
CoH3 Stats
Reddit
Sign in to upload your games and track your stats! →
Sign in with Steam
Match 47401563
Unlisted
Match 47401563
Overview
Messages
Build Orders
End
Construct Infanterie Kompanie
Selects Terror Battlegroup
Selects Machine Gun Camouflage
MG 42 Machine Gun Team
MG 42 Machine Gun Team
GrW 34 Mortar Team
Grenadier Squad
Medical Bunker
Construct Panzergrenadier Kompanie
Panzergrenadier Squad
Panzergrenadier Squad
Support Elements
StuG III G Assault Gun
Panzergrenadier Officer Quarters
Selects Contempt for the Weak
Selects Jericho Trumpet
Construct Luftwaffe Kompanie
Side Skirts
Jäger Squad
Jäger Squad
Medical Bunker
Repair Bunker
Selects V1 Rocket Strike
Selects Defend the Fatherland
Construct Panzer Kompanie
Panzer IV Medium Tank
Jericho Trumpet
V1 Rocket Strike
Pioneer Squad
Stoßtruppen Squad
Medical Bunker
Panzer Officer Quarters
Selects King Tiger Heavy Tank
King Tiger Heavy Tank
Repair Bunker
V1 Rocket Strike
Panzer IV Medium Tank
Jericho Trumpet
Defend the Fatherland
Stoßtruppen Squad
Jericho Trumpet
Brisingr
CROffizier
YouAreShameful
GeekyShrimp3465
Prince Farming
Omar Kamel Rock
Davidoff
carotin3
0
0
Comments
sign in to comment!
No comments posted yet!